 Dungeon Sprint DCSS version 0.31-a0-799-g6bc09d010c (webtiles) character file.

Game seed: 5526366701784784336

12020 Conn the Eclecticist (level 11, -2/63 HPs)
             Began as an Octopode Fire Elementalist on Sept 19, 2023.
             Was an Elder of Sif Muna.
             Slain by a demonic crawler (19 damage)
             ... in the Dungeon (Sprint IV: "Fedhas' Mad Dash").
             The game lasted 00:29:47 (3080 turns).

Conn the Eclecticist (Octopode Fire Elementalist)   Turns: 3080, Time: 00:29:48

Health: -2/63      AC:  1    Str:  8    XL:     11   Next: 86%
Magic:  7/31       EV: 14    Int: 21    God:    Sif Muna [****..]
Gold:   293        SH:  0    Dex: 13    Spells: 3/42 levels left

rFire   + . .        l - staff of air
rCold   . . .        (no shield)
rNeg    . . .        (helmet restricted)
rPois   .            g - amulet of invisibility {+Inv}
rElec   +            e - ring of protection from fire
rCorr   .            (no ring)
SInv    .            (no ring)
Will    .....        (no ring)
Stlth   ++++         (no ring)
HPRegen 0.30/turn    (no ring)
MPRegen 0.22/turn    (no ring)
                     (no ring)

%: no teleportation
@: lethally poisoned (-2 -> -6), very slightly contaminated, slowed, very slow
A: almost no armour, amphibious, 8 rings, camouflage 1, gelatinous body 1,
(nimble swimmer 1), tentacles
a: Renounce Religion, Evoke Invisibility, Channel Magic, Forget Spell, Divine
Exegesis


You were in the Dungeon.
You worshipped Sif Muna.
Sif Muna was greatly pleased with you.
You visited 1 branch You collected 293 gold pieces.

Inventory:

Hand Weapons
 o - the +8 storm bow {elec, penet}
   (You took it off a spriggan rider in the Dungeon)
Magical Staves
 j - a staff of poison
 l - a staff of air (weapon)
 m - a staff of conjuration
Jewellery
 e - a ring of protection from fire (left tentacle)
 g - the amulet of invisibility (around mantle) {+Inv}
   (You found it in the Dungeon)

   [amulet of nothing]

   +Inv:      It lets you turn invisible.
Scrolls
 f - a scroll of blinking
Potions
 a - 3 potions of magic
 b - a potion of curing
 c - a potion of heal wounds
 d - a potion of haste
Miscellaneous
 k - a phantom mirror
 n - a lightning rod (4/4)


   Skills:
 + Level 1.0 Fighting
 + Level 4.6 Dodging
 - Level 4.4 Stealth
 + Level 16.1 Spellcasting
 * Level 11.5 Conjurations
 - Level 3.0 Hexes
 + Level 5.7 Summonings
 - Level 5.4 Translocations
 + Level 15.0 Fire Magic
 - Level 5.0 Air Magic
 * Level 10.5 Invocations


You had 3 spell levels left.
You knew the following spells:

 Your Spells              Type           Power      Damage    Failure   Level
a - Foxfire               Conj/Fire      100%       2x1d9     0%          1
b - Scorch                Fire           100%       2d9       0%          2
c - Inner Flame           Hex/Fire       53%        N/A       1%          3
d - Starburst             Conj/Fire      32%        6d10      2%          6
e - Summon Guardian Gole  Hex/Summ       35%        N/A       1%          3
f - Orb of Destruction    Conj           30%        9d10      26%         7
g - Arcjolt               Conj/Air       33%        1d43      3%          5
h - Summon Forest         Summ/Tloc      20%        N/A       10%         5
i - Summon Lightning Spi  Summ/Air       56%        N/A       3%          4
j - Hailstorm             Conj/Ice       41%        3d10      1%          3

Your spell library contained the following spells:

 Spells                   Type           Power      Damage    Failure   Level
 Call Imp                 Summ           82%        N/A       1%          2
 Momentum Strike          Conj/Tloc      100%       3d10      1%          2
 Ignite Poison            Fire/Tmut/Pois 38%        N/A       1%          3
 Volatile Blastmotes      Fire/Tloc      100%       2d18      1%          3
 Freeze                   Ice            64%        1d7       3%          1
 Frozen Ramparts          Ice            32%        1d5       11%         3
 Flame Wave               Conj/Fire      64%        2d15      1%          4
 Iskenderun's Battlesphe  Conj           60%        2d11      1%          5
 Vhi's Electric Charge    Tloc/Air       100%       N/A       4%          4
 Freezing Cloud           Conj/Ice/Air   28%        6-21      10%         5
 Summon Cactus Giant      Summ           20%        N/A       45%         6
 Spellforged Servitor     Conj/Summ      26%        N/A       63%         7
 Summon Hydra             Summ           20%        N/A       95%         7
 Malign Gateway           Summ/Tloc      20%        N/A       96%         7
 Maxwell's Capacitive Co  Air            27%        ∞         100%        8
 Dragon's Call            Summ           20%        N/A       100%        9


Dungeon Overview and Level Annotations

Branches:
Dungeon (1/1)

Altars:
Cheibriados
Dithmenos
Elyvilon
Gozag
Hepliaklqana
Kikubaaqudgha
Makhleb
Nemelex Xobeh
Okawaru
Qazlal
Ru
Sif Muna
Trog
Uskayaw
Vehumet
Wu Jian
Xom
Yredelemnul
Zin
The Shining One
Jiyva
Lugonu

Shops:
D **?*[[*!(([


Innate Abilities, Weirdness & Mutations

You cannot wear most types of armour.
You are amphibious.
You can wear up to eight rings at the same time.
Your skin changes colour to match your surroundings (Stealth+).
Your rubbery body absorbs attacks. (AC +1, EV +1)
((You are camouflaged when in or above water. (Stealth+)))
You have tentacles for arms and can constrict up to eight enemies at once.


Message History

Unknown command.
Unknown command.
Casting: Starburst (dangerous; 2% risk of failure)
Confirm with . or Enter, or press ? or * to list all spells.
Casting: Starburst (dangerous; 2% risk of failure)
Press: ? - help, Dir - look around, f - activate The bolt of fire hits the demonic crawler!!
The demonic crawler is severely wounded.
The bolt of fire hits the spriggan rider!!!
You kill the spriggan rider!
Sif Muna accepts your kill.
You kill the hornet!
Sif Muna accepts your kill.
The bolt of fire hits the hornet!
The hornet is almost dead.
The hornet stings you!
You feel yourself slow down. The demonic crawler misses you.
The demonic crawler closely misses you. The demonic crawler hits you.
The hornet stings you!
You are poisoned.
You feel as though you will be slow longer.
Your Fire Magic skill increases to level 15!
Unknown command.
Unknown command.
Casting: Starburst (dangerous; 2% risk of failure)
Confirm with . or Enter, or press ? or * to list all spells.
Casting: Starburst (dangerous; 2% risk of failure)
Press: ? - help, Dir - look around, f - activate The bolt of fire hits the hornet!!
You kill the hornet!
Sif Muna accepts your kill.
The bolt of fire hits the hornet!!
The hornet is almost dead.
The bolt of fire hits the demonic crawler!!
The demonic crawler is almost dead.
You feel very sick. The demonic crawler barely misses you.
The demonic crawler hits you!
* * * LOW HITPOINT WARNING * * *
The demonic crawler barely misses you. The hornet barely misses you.
The demonic crawler hits you!!
You die...

#....................).# ##
#∩...................P.#####.
#∩...................P.......
#∩.......................####
###########'##############
#..........# ..# #.......P..#
...+ ###.P....### ....#
###..@## #$$$$#
#..ys####$$$$$#
#....)...$$$$$+
#........$$$$$#
###############


You could see a demonic crawler and a hornet.

Vanquished Creatures
  A ghost moth (D)
  A demonic crawler (D)
  A spriggan druid (D)
  8 oklob plants (D)
  A queen bee (D)
  3 burning bushes (D)
  3 wandering mushrooms (D)
  4 hornets (D)
  3 scorpions (D)
  4 killer bees (D)
  5 oklob saplings (D)
  7 spriggans (D)
  A river rat (D)
  A rat (D)
  2 ballistomycete spores (D)
45 creatures vanquished.

Vanquished Creatures (collateral kills)
  Agnes (D)
  A spriggan defender (D)
  A spriggan berserker (D)
  A hornet (D)
  A spriggan (D)
  8 foxfires (D)
13 creatures vanquished.

Vanquished Creatures (others)
  A demonic crawler (D)
  127 foxfires (D)
  A snaplasher vine (D)
129 creatures vanquished.

Grand Total: 187 creatures vanquished

Notes
Turn   | Place    | Note
-------+----------+-------------------------------------------
     0 | D        | Conn the Octopode Fire Elementalist began the quest for the
                  | Orb.
     0 | D        | Reached XP level 1. HP: 11/11 MP: 3/3
    15 | D        | Reached XP level 2. HP: 15/17 MP: 0/5
    27 | D        | Learned a level 2 spell: Scorch
    64 | D        | Noticed an oklob sapling
    67 | D        | Noticed a scorpion
    67 | D        | Found the amulet of invisibility {+Inv}
    75 | D        | Killed a scorpion
    76 | D        | Reached skill level 4 in Spellcasting
    76 | D        | Reached skill level 5 in Fire Magic
    76 | D        | Reached XP level 3. HP: 15/21 MP: 0/8
    76 | D        | Reached XP level 4. HP: 19/27 MP: 0/10
   184 | D        | Learned a level 3 spell: Inner Flame
   189 | D        | Learned a level 4 spell: Flame Wave
   204 | D        | Found an opulent altar of Gozag.
   204 | D        | Found a hazy altar of Hepliaklqana.
   204 | D        | Found a snail-covered altar of Cheibriados.
   229 | D        | Found a viscous altar of Jiyva.
   229 | D        | Found a burning altar of Makhleb.
   229 | D        | Found a sparkling altar of Nemelex Xobeh.
   229 | D        | Found a sacrificial altar of Ru.
   229 | D        | Found a shimmering blue altar of Sif Muna.
   229 | D        | Found a bloodstained altar of Trog.
   229 | D        | Found an ornate altar of the Wu Jian Council.
   229 | D        | Found a shimmering altar of Xom.
   229 | D        | Found a basalt altar of Yredelemnul.
   229 | D        | Noticed an oklob sapling priest
   230 | D        | Found an iron altar of Okawaru.
   230 | D        | Found a glowing silver altar of Zin.
   230 | D        | Found a shadowy altar of Dithmenos.
   231 | D        | Found a hide-covered altar of Uskayaw.
   231 | D        | Found an ancient bone altar of Kikubaaqudgha.
   232 | D        | Found a stormy altar of Qazlal.
   232 | D        | Found a glowing golden altar of the Shining One.
   232 | D        | Found a white marble altar of Elyvilon.
   233 | D        | Found a radiant altar of Vehumet.
   233 | D        | Found a corrupted altar of Lugonu.
   237 | D        | Became a worshipper of Sif Muna the Loreminder
   246 | D        | Killed an oklob sapling priest
   247 | D        | Reached skill level 5 in Spellcasting
   247 | D        | Reached XP level 5. HP: 31/31 MP: 0/13
   350 | D        | Reached skill level 6 in Spellcasting
   396 | D        | Reached * piety under Sif Muna
   400 | D        | Reached skill level 7 in Spellcasting
   400 | D        | Reached XP level 6. HP: 37/37 MP: 4/16
   491 | D        | Found Ilibbi's Armour Shop.
   491 | D        | Found Waqef's General Store.
   500 | D        | Noticed a burning bush
   500 | D        | Noticed a wandering mushroom
   527 | D        | Killed a wandering mushroom
   527 | D        | Reached ** piety under Sif Muna
   528 | D        | Reached skill level 9 in Spellcasting
   528 | D        | Reached skill level 5 in Conjurations
   528 | D        | Reached XP level 7. HP: 42/42 MP: 7/19
   528 | D        | Noticed a wandering mushroom
   532 | D        | Killed a wandering mushroom
   533 | D        | Reached skill level 1 in Fighting
   533 | D        | Reached skill level 10 in Spellcasting
   650 | D        | Killed a burning bush
   651 | D        | Reached skill level 11 in Spellcasting
   651 | D        | Reached skill level 10 in Fire Magic
   651 | D        | Reached XP level 8. HP: 34/48 MP: 8/23
   733 | D        | Found Mas Qume's Weapon Emporium.
   733 | D        | Found Beifani's Distillery.
   743 | D        | Learned a level 3 spell: Summon Guardian Golem
   751 | D        | Learned a level 7 spell: Orb of Destruction
   813 | D        | Reached *** piety under Sif Muna
   852 | D        | Noticed a queen bee
   859 | D        | Reached skill level 1 in Invocations
   863 | D        | Reached skill level 1 in Summonings
   866 | D        | Killed a queen bee
   868 | D        | Reached **** piety under Sif Muna
   968 | D        | Noticed an oklob plant
   977 | D        | Killed an oklob plant
   978 | D        | Reached skill level 12 in Spellcasting
   978 | D        | Reached XP level 9. HP: 53/53 MP: 6/25
  1080 | D        | Noticed a burning bush
  1089 | D        | Killed a burning bush
  1182 | D        | Noticed a burning bush
  1182 | D        | Noticed an oklob plant
  1193 | D        | Killed a burning bush
  1285 | D        | Noticed a wandering mushroom
  1297 | D        | Killed an oklob plant
  1298 | D        | Reached skill level 13 in Spellcasting
  1298 | D        | Reached skill level 1 in Hexes
  1298 | D        | Reached skill level 5 in Invocations
  1311 | D        | Killed a wandering mushroom
  1311 | D        | Reached ***** piety under Sif Muna
  1456 | D        | Noticed a spriggan druid
  1461 | D        | Killed a spriggan druid
  1462 | D        | Reached XP level 10. HP: 58/58 MP: 22/27
  1533 | D        | Killed an oklob plant conjurer
  1545 | D        | Learned a level 5 spell: Arcjolt
  1639 | D        | Noticed an oklob plant
  1639 | D        | Noticed an oklob plant summoner
  1661 | D        | Killed an oklob plant
  1661 | D        | Identified Xefeavi's Vellum of Massed Flesh (Sif Muna
                  | gifted it to you in the Dungeon)
  1661 | D        | Received a gift from Sif Muna
  1662 | D        | Reached skill level 1 in Air Magic
  1762 | D        | Learned a level 5 spell: Summon Forest
  1768 | D        | Learned a level 4 spell: Summon Lightning Spire
  1774 | D        | Noticed an oklob plant shifter
  1781 | D        | Killed an oklob plant summoner
  1782 | D        | Reached skill level 1 in Translocations
  1790 | D        | Killed an oklob plant shifter
  1791 | D        | Reached skill level 14 in Spellcasting
  1908 | D        | Noticed a demonic crawler
  1916 | D        | Killed a demonic crawler
  1999 | D        | Noticed a spriggan rider
  2008 | D        | Killed a spriggan rider
  2009 | D        | Reached skill level 10 in Conjurations
  2072 | D        | Found Ohitrul's Antique Weapon Emporium.
  2073 | D        | Found Dagyoxakhla's Antique Armour Shoppe.
  2129 | D        | Noticed Agnes
  2131 | D        | Killed Agnes
  2132 | D        | Reached XP level 11. HP: 63/63 MP: 5/29
  2132 | D        | Noticed a spriggan berserker
  2133 | D        | Killed a spriggan berserker
  2133 | D        | Received a gift from Sif Muna
  2134 | D        | Reached skill level 15 in Spellcasting
  2134 | D        | Reached skill level 5 in Air Magic
  2136 | D        | Found Afilit's Armour Emporium.
  2138 | D        | Found Miyckiha's General Store.
  2139 | D        | Noticed a spriggan defender
  2148 | D        | Killed a spriggan defender
  2149 | D        | Reached skill level 5 in Translocations
  2308 | D        | Noticed a spriggan rider
  2340 | D        | Reached skill level 5 in Summonings
  2474 | D        | Learned a level 3 spell: Hailstorm
  2598 | D        | Noticed an oklob plant shifter
  2598 | D        | Noticed an oklob plant meteorologist
  2608 | D        | Killed a ghost moth
  2626 | D        | Noticed a demonic crawler
  2788 | D        | Killed a demonic crawler
  2789 | D        | Reached skill level 10 in Invocations
  2929 | D        | Found Leify's Assorted Antiques.
  2929 | D        | Found Kyafef's Magic Scroll Emporium.
  2929 | D        | Found Masossux's Assorted Antiques.
  2971 | D        | Killed an oklob plant meteorologist
  2973 | D        | Killed an oklob plant shifter
  2973 | D        | Identified Balili's Catalogue of the Brilliant Swarm (Sif
                  | Muna gifted it to you in the Dungeon)
  2973 | D        | Received a gift from Sif Muna
  2974 | D        | Reached skill level 16 in Spellcasting
  3060 | D        | Learned a level 6 spell: Starburst
  3069 | D        | Noticed a spriggan rider
  3069 | D        | Noticed a demonic crawler
  3077 | D        | Paralysed by a hornet for 2 turns
  3079 | D        | Killed a spriggan rider
  3080 | D        | Reached skill level 15 in Fire Magic
  3080 | D        | Slain by a demonic crawler

Illustrated notes

Levels and vault maps discovered:
D:        dungeon_sprint_fedhas [sprint_temple]

Skill      XL: |  1  2  3  4  5  6  7  8  9 10 11 |
---------------+----------------------------------+-----
Stealth        | 3 4 |  4.4
Fire Magic     | 4 5 7 8 9 10 11 12 14 15 | 15.0
Dodging        | 3 4 |  4.6
Spellcasting   | 4 5 7 9 11 12 13 14 16 | 16.1
Conjurations   | 2 3 4 5 6 7 8 10 11 | 11.5
Fighting       | 1 |  1.0
Invocations    | 3 6 8 10 | 10.5
Summonings     | 3 4 5 |  5.7
Hexes          | 1 2 3 |  3.0
Air Magic      | 4 5 |  5.0
Translocations | 4 5 |  5.4

Action                     |  1- 3 |  4- 6 |  7- 9 | 10-12 || total
---------------------------+-------+-------+-------+-------++-------
  Melee: Unarmed           |     7 |     2 |       |       ||     9
         Constrict         |     2 |     1 |       |       ||     3
         Tentacles         |     1 |     1 |       |       ||     2
         Staff             |       |       |       |     1 ||     1
   Cast: Foxfire           |     6 |    13 |    16 |    41 ||    76
         Scorch            |     1 |    12 |    46 |    35 ||    94
         Flame Wave        |       |     1 |     2 |     5 ||     8
         Inner Flame       |       |     1 |     3 |     6 ||    10
         Summon Guardian G |       |       |       |     6 ||     6
         Summon Lightning  |       |       |       |     5 ||     5
         Summon Forest     |       |       |       |     2 ||     2
         Dragon's Call     |       |       |       |     2 ||     2
         Starburst         |       |       |       |     2 ||     2
         Maxwell's Capacit |       |       |       |     1 ||     1
 Invoke: Divine Exegesis   |       |       |       |     3 ||     3
         Forget Spell      |       |       |       |     1 ||     1
Ability: Evoke Invisibilit |       |     4 |     6 |     3 ||    13
    Use: Potion            |     1 |       |       |       ||     1
         Scroll            |       |       |       |     2 ||     2
 Armour: Skin              |     2 |     1 |     4 |    17 ||    24
  Dodge: Dodged            |     5 |     1 |     5 |    15 ||    26

Table legend: (Time is in decaauts)
 A = Elapsed time spent in this place.
 B = Non-inter-level travel time spent in this place.
 C = Inter-level travel time spent in this place.
 D = Time resting spent in this place.
 E = Time spent auto-exploring this place.
 F = Levels seen in this place.
 G = Mean time per level.
                   A        B        C        D        E       F      G
               +--------+--------+--------+--------+--------+-----+--------+
         Total |   3087 |   3087 |      0 |   1963 |      0 |   1 | 3087.0 |
       Dungeon |   3087 |   3087 |      0 |   1963 |      0 |   1 | 3087.0 |
               +--------+--------+--------+--------+--------+-----+--------+

Top non-repeatable levels by time:
       D: 3087 daAuts
